 Dungeon Crawl Stone Soup version 0.31.0-12-g77e489cdc1 (webtiles) character file.

Game seed: 16600246736503460933

267 mememasterpepo the Ruffian (level 6, -3/51 HPs)
             Began as a Ghoul Warper on Feb 12, 2024.
             Was a Follower of Ru.
             Slain by a scorpion (6 damage)
             ... on level 5 of the Dungeon.
             The game lasted 00:12:14 (3220 turns).

mememasterpepo the Ruffian (Ghoul Warper)           Turns: 3220, Time: 00:12:14

Health: -3/51      AC: -6    Str: 17      XL:     6   Next: 21%
Magic:  1/9        EV: 11    Int: 11 (12) God:    Ru [*.....]
Gold:   171        SH:  0    Dex:  8      Spells: 4/9 levels left

rFire   . .          .
                       - Unarmed
rCold   + . .        (no shield)
rNeg    + + +        a - +0 leather armour
rPois   ∞            p - +0 helmet
rElec   .            (no cloak)
rCorr   .            (no gloves)
SInv    .            m - +0 pair of boots
Will    .....        e - amulet of regeneration
Stlth   +            (no ring)
HPRegen 0.00/turn    (no ring)
MPRegen 0.11/turn

%: no passive effects
@: corroded, on blink cooldown, very slightly contaminated, inhibited regen
A: claws 1, cold resistance 1, negative energy resistance 3, inhibited
regeneration, torment resistance 2, no fire magic, no alchemy magic, no
summoning magic, devour on kill
a: Renounce Religion


You were on level 5 of the Dungeon.
You worshipped Ru.
Ru was aware of your devotion.
You visited 2 branches of the dungeon, and saw 6 of its levels.

You collected 171 gold pieces.

Inventory:

Hand Weapons
 g - a +1 heavy spear
Missiles
 c - 7 darts of dispersal (quivered)
Armour
 a - a +0 leather armour (worn)
 m - a +0 pair of boots (worn)
 n - a +0 pair of gloves
 p - a +0 helmet (worn)
Jewellery
 e - an amulet of regeneration (around neck)
Scrolls
 k - a scroll of identify
Potions
 d - 2 potions of lignification
 j - a potion of brilliance


   Skills:
 * Level 3.5 Fighting
 + Level 1.8 Throwing
 + Level 2.1 Armour
 + Level 2.5 Dodging
 + Level 2.1 Stealth
 * Level 3.5 Unarmed Combat
 - Level 2.1 Spellcasting
 - Level 3.0 Translocations


You had 4 spell levels left.
You knew the following spells:

 Your Spells              Type           Power      Damage    Failure   Level
a - Blink                 Tloc           14%        N/A       14%         2
b - Teleport Other        Tloc           7%         N/A       28%         3

Your spell library contained the following spells:

 Spells                   Type           Power      Damage    Failure   Level
 Lesser Beckoning         Tloc           14%        N/A       14%         2
 Magic Dart               Conj           4%         1d3       34%         1
 Manifold Assault         Tloc           7%         N/A       67%         4
 Vhi's Electric Charge    Tloc/Air       8%         N/A       88%         4
 Call Imp                 Summ           Unusable   N/A       N/A         2

Dungeon Overview and Level Annotations

Branches:
Dungeon (5/15)             Temple (1/1) D:4

Altars:
Cheibriados
Dithmenos
Fedhas
Gozag
Kikubaaqudgha
Makhleb
Okawaru
Qazlal
Ru
Uskayaw
Vehumet
Xom
Yredelemnul

Shops:
D:2 (   D:3 *


Innate Abilities, Weirdness & Mutations

You are immune to poison.
You have sharp fingernails.
Your flesh is cold resistant. (rC+)
You are immune to negative energy. (rN+++)
You do not regenerate when monsters are visible.
You are immune to unholy pain and torment.
You cannot study or cast Fire magic.
You cannot study or cast Alchemy magic.
You cannot study or cast Summoning magic.
You thrive by killing the living.


Message History

You cannot move.
You cannot move.
You cannot move.
You cannot move.
You cannot move.
You cannot move.
You cannot move.
You cannot move.
You cannot move.
You cannot move.
You cannot move.
You cannot move.
You cannot move.
You cannot move.
You cannot move.
You cannot move.
You cannot move.
You cannot move.
You cannot move.
You cannot move.
You cannot move.
You cannot move.
You cannot move.
You cannot move.
You cannot move.
You cannot move.
You cannot move.
You cannot move.
You cannot move.
You cannot move.
You cannot move.
You cannot move.
Okay, then.
You don't currently have any unidentified items.
Unknown command.
You cannot move.
You are no longer firmly anchored in space.
You are no longer robbed of momentum.
The jelly disappears!
The scorpion stings you.
You die...

# #.
#.########
.##........#
..#....@...#
#......§s..#
###........#
#........#
#........#
#.)......#
#........#
#...<.?..#
#........#


You could see a scorpion.

Vanquished Creatures
  A bombardier beetle (D:3)
  An orc priest (D:4)
  A hound (D:4)
  An iguana (D:4)
  An orc wizard (D:3)
  4 adders
  2 ribbon worms (D:2)
  6 orcs
  9 ball pythons
  4 endoplasms
  7 giant cockroaches
  7 goblins
  6 hobgoblins
  3 kobolds
  2 quokkas
  6 bats
  3 frilled lizards
  7 rats
71 creatures vanquished.

Notes
Turn   | Place    | Note
-------+----------+-------------------------------------------
     0 | D:1      | mememasterpepo the Ghoul Warper began the quest for the
                  | Orb.
     0 | D:1      | Reached XP level 1. HP: 17/17 MP: 3/3
    89 | D:1      | Reached skill level 1 in Armour
   115 | D:1      | Reached skill level 1 in Throwing
   267 | D:1      | Found a faded altar of an unknown god.
   271 | D:1      | Reached XP level 2. HP: 24/24 MP: 4/4
   706 | D:2      | Found Zawayseo's Weapon Shoppe.
   709 | D:2      | Reached XP level 3. HP: 26/30 MP: 5/5
   803 | D:2      | Reached skill level 1 in Stealth
  1151 | D:2      | Identified the +2 mace of Pride {spect, Dex+4}
  1346 | D:2      | Reached XP level 4. HP: 37/37 MP: 7/7
  1723 | D:3      | Found a sacrificial altar of Ru.
  1727 | D:3      | Became a worshipper of Ru the Awakened
  2106 | D:3      | Found Oggolir's General Store.
  2166 | D:3      | Learned a level 2 spell: Blink
  2170 | D:3      | Learned a level 3 spell: Teleport Other
  2371 | D:3      | Reached XP level 5. HP: 45/45 MP: 8/8
  2559 | D:4      | Found a staircase to the Ecumenical Temple.
  2566 | Temple   | Entered the Ecumenical Temple
  2958 | D:4      | Reached XP level 6. HP: 51/51 MP: 9/9
  3001 | D:4      | Gained mutation: You cannot study or cast Fire magic. [Ru
                  | sacrifice]
  3001 | D:4      | Gained mutation: You cannot study or cast Alchemy magic.
                  | [Ru sacrifice]
  3001 | D:4      | Gained mutation: You cannot study or cast Summoning magic.
                  | [Ru sacrifice]
  3001 | D:4      | Reached * piety under Ru
  3126 | D:5      | Entered Level 5 of the Dungeon
  3220 | D:5      | Slain by a scorpion

Illustrated notes

Levels and vault maps discovered:
D:1:      mainiacjoe_arrival_oval_in_oval, layout_loops_cross,
          shapermc_ecumenical_altar_gd, minmay_misc_feat_nine_boxes,
          nrook_mini_vaults
D:2:      layout_loops_ring, serial_shops, nicolae_shop_crystal,
          kennysheep_generic_room_12
D:3:      layout_loops_ring, mainiacjoe_overflow_six_doors_small, serial_shops,
          nicolae_shop_peninsula, serial_forest, infiniplex_forest_straight_2,
          infiniplex_forest_lined_3, infiniplex_forest_end_3,
          infiniplex_forest_zigzag_1, infiniplex_forest_lined_room_3,
          infiniplex_forest_lined_corner
D:4:      layout_rooms, minmay_temple_entry_statues, serial_aquarium,
          aquarium_bridge_island_small [aquarium_subvault_small_open,
          aquarium_subvault_window, aquarium_subvault_bridge,
          aquarium_subvault_balcony, aquarium_subvault_bridge],
          aquarium_window_fake, aquarium_window_2, aquarium_window_2,
          aquarium_view_2c, aquarium_pool_five, st_stairs_10,
          grunt_decor_clamped, kennysheep_generic_room_6
D:5:      layout_rooms, mainiacjoe_overflow_concentric_impassable,
          mainiacjoe_overflow_cross_hatched, gammafunk_ghost_arena,
          minmay_misc_feat_ornament
Temple:   nicolae_temple_figure_eight

Skill      XL: |  1  2  3  4  5 |
---------------+----------------+-----
Armour         | 1 2 |  2.1
Throwing       | 1 |  1.8
Stealth        | 1 2 |  2.1
Spellcasting   | 2 |  2.1
Dodging        | 2 |  2.5
Translocations | 3 |  3.0
Fighting       | 3 |  3.5
Unarmed Combat | 3 |  3.5

Action                     |  1- 3 |  4- 6 || total
---------------------------+-------+-------++-------
  Melee: Unarmed           |   135 |   165 ||   300
         Punch             |     1 |     3 ||     4
   Cast: Teleport Other    |       |     3 ||     3
         Blink             |       |     3 ||     3
 Invoke: Sacrifice Arcana  |       |     1 ||     1
    Use: Potion            |     2 |     2 ||     4
         Scroll            |       |     9 ||     9
   Stab: Sleeping          |       |     2 ||     2
 Armour: Leather armour    |    61 |   122 ||   183
  Dodge: Dodged            |    68 |   103 ||   171
